 Dungeon Crawl Stone Soup version 0.21.1 (webtiles) character file.

158 tidbits the Caller (level 5, 25/37 HPs)
             Began as a Gnoll Summoner on Feb 2, 2018.
             Quit the game on level 5 of the Dungeon.
             The game lasted 00:08:11 (636 turns).

tidbits the Caller (Gnoll Summoner)                  Turns: 636, Time: 00:08:11

Health: 25/37      AC:  5    Str: 10    XL:     5   Next: 39%
Magic:  7/12       EV: 12    Int: 19    God:
Gold:   18         SH:  0    Dex: 15    Spells: 4/14 levels left

rFire    . . .     SeeInvis .   b - +0 dagger
rCold    . . .     Gourm    .   (no shield)
rNeg     . . .     Faith    .   e - -1 ring mail (curse)
rPois    .         Spirit   .   E - +0 helmet
rElec    .         Reflect  .   (no cloak)
rCorr    .         Harm     +   (no gloves)
MR       .....                  (no boots)
Stlth    ++........             j - amulet of harm
HPRegen  0.12/turn              (no ring)
MPRegen  0.13/turn              (no ring)

@: very slightly contaminated, drained
A: distributed training, fangs 1, strong nose
a: no special abilities


You were on level 5 of the Dungeon.
You were not hungry.

You visited 1 branch of the dungeon, and saw 5 of its levels.

You collected 89 gold pieces.
You spent 71 gold pieces at shops.

Inventory:

Hand Weapons
 a - a +0 broad axe
 b - a +0 dagger (weapon)
 d - a +0 club
 l - a +0 hunting sling
 n - a +1 short sword of draining
   (You took it off an orc on level 5 of the Dungeon)
Missiles
 i - 2 javelins (quivered)
 k - 8 tomahawks
 m - 19 stones
Armour
 e - a cursed -1 ring mail (worn)
 B - a +0 robe
 E - a +0 helmet (worn)
Jewellery
 j - an amulet of harm (around neck)
   (You found it on level 2 of the Dungeon)
Scrolls
 p - a scroll of noise
 t - a scroll of teleportation
Potions
 g - a potion of brilliance
 h - a potion of curing
Books
 f - a book of Callings

   Spells                             Type                      Level
   a - Summon Small Mammal            Summoning                    1
   b - Call Imp                       Summoning                    2
   c - Call Canine Familiar           Summoning                    3
   d - Summon Guardian Golem          Hexes/Summoning              3
   e - Summon Lightning Spire         Summoning/Air                4
   f - Summon Ice Beast               Ice/Summoning                4
Comestibles
 c - 2 rations


   Skills:
 + Level 1.4(1.2) Fighting
 + Level 1.4(1.2) Short Blades
 + Level 1.4(1.2) Long Blades
 + Level 1.4(1.2) Axes
 + Level 1.4(1.2) Maces & Flails
 + Level 1.4(1.2) Polearms
 + Level 1.4(1.2) Staves
 + Level 1.4(1.2) Slings
 + Level 1.4(1.2) Bows
 + Level 1.4(1.2) Crossbows
 + Level 1.4(1.2) Throwing
 + Level 1.4(1.2) Armour
 + Level 4.7(4.5) Dodging
 + Level 4.4(4.1) Stealth
 + Level 1.4(1.2) Shields
 + Level 1.4(1.2) Unarmed Combat
 + Level 5.2(4.9) Spellcasting
 + Level 1.1(0.9) Conjurations
 + Level 1.1(0.9) Hexes
 + Level 1.1(0.9) Charms
 + Level 7.2(6.9) Summonings
 + Level 1.1(0.9) Necromancy
 + Level 1.1(0.9) Translocations
 + Level 1.1(0.9) Transmutations
 + Level 1.1(0.9) Fire Magic
 + Level 1.1(0.9) Ice Magic
 + Level 1.1(0.9) Air Magic
 + Level 1.1(0.9) Earth Magic
 + Level 1.1(0.9) Poison Magic
 + Level 1.6(1.4) Invocations
 + Level 1.4(1.2) Evocations


You had 4 spell levels left.
You knew the following spells:

 Your Spells              Type           Power        Failure   Level  Hunger
a - Summon Small Mammal   Summ           ####         1%          1    None
f - Call Canine Familiar  Summ           ####....     5%          3    ##.....
i - Call Imp              Summ           ####....     2%          2    #......
L - Summon Lightning Spi  Summ/Air       ###.....     52%         4    ####...


Dungeon Overview and Level Annotations

Branches:
Dungeon (5/15)
 Temple: D:4-7

Altars:
Elyvilon
Gozag
Trog
The Shining One

Shops:
D:4 ?

Annotations:
D:5 p0werm0de's ghost, novice TeNe


Innate Abilities, Weirdness & Mutations

Your experience applies equally to all skills.
You have very sharp teeth.
Your uncanny sense of smell can sniff out nearby items.


Message History

You kill the orc!
The orc hits you with a hand axe.
You closely miss the orc. The orc misses you.
The orc closely misses your white imp.
You hit the orc but do no damage.
Your white imp gestures at the orc.
The puff of frost hits the orc.
The orc closely misses your white imp. The orc hits you with a hand axe.
You closely miss the orc.
The orc is severely wounded.
Your white imp hits the orc but does no damage.
You hit the orc but do no damage. Your bite misses the orc.
The orc is severely wounded.
The orc misses you.
The orc hits your white imp with a hand axe.
Your white imp hits the orc.
The orc dies!
Things that are here:
a glowing ring mail; an orc corpse
e - a glowing ring mail
Things that are here:
a hand axe; a scale mail
There is a stone staircase leading up, spattered with blood here.
Things that are here:
a short sword of draining; an orc corpse
n - a short sword of draining Wield which item (- for none, * to show all)? (? for menu, Esc to quit)
Okay, then.
This spell is quite dangerous to cast!
Memorise Summon Lightning Spire, consuming 4 spell levels and leaving 4?
You start memorising the spell.
You continue memorising. x4
You finish memorising.
Spell assigned to 'b'.
Adjust (i)tems, (s)pells, or (a)bilities?
Adjust which spell? b - Summon Lightning Spire Adjust to which letter?
L - Summon Lightning Spire Unknown command.
Wear which item? (? for menu, Esc to quit)
You start removing your armour.
You continue taking off your +0 robe. x4
You finish taking off your +0 robe.
You start putting on your armour.
You continue putting on your glowing ring mail. x5
You finish putting on your cursed -1 ring mail.
Oops, that feels deathly cold.
Okay, then.
Found a ration.
You see here a ration.
c - 2 rations (gained 1)
You open the door.
There is an open door here.
A worker ant comes into view.
You open the door.
There is an open door here.
A worker ant comes into view.
Casting: Call Imp
Confirm with . or Enter, or press ? or * to list all spells.
A beastly little devil appears in a puff of flame.
The worker ant twitches its antennae in your direction.
The worker ant bites you.
You hit the worker ant but do no damage.
The worker ant closely misses you.
Your crimson imp closely misses the worker ant.
You hit the worker ant.
The worker ant is lightly wounded.
The worker ant barely misses you.
Your white imp gestures at the worker ant.
The puff of frost hits the worker ant.
Your crimson imp hits the worker ant but does no damage.
You hit the worker ant but do no damage.
The worker ant is moderately wounded.
The worker ant bites you but does no damage.
Your white imp gestures at the worker ant.
The puff of frost hits the worker ant.
Your crimson imp hits the worker ant.
You barely miss the worker ant.
The worker ant is severely wounded.
The worker ant bites you but does no damage. x2
Your crimson imp hits the worker ant.
You hit the worker ant but do no damage.
The worker ant is almost dead.
Your white imp gestures at the worker ant.
The puff of frost hits the worker ant.
The worker ant dies!
You see here a worker ant corpse.
You swap places.
As you open the door, it creaks loudly!
P0werm0de's ghost (novice Tengu Necromancer) comes into view.
It is wielding a weapon of electrocution.
P0werm0de's ghost turns its malevolent gaze towards you.
Unknown command.
Unknown command.
Casting: Call Imp
Confirm with . or Enter, or press ? or * to list all spells.
The spell is very dangerous to cast!
Continue anyway?
Aiming: Summon Lightning Spire
Press: ? - help, Dir - move target cursor You miscast Summon Lightning Spire.
You are very lightly contaminated with residual magic.
Something turns its malign attention towards you...
Your crimson imp disappears in a puff of smoke!
Are you sure you want to abandon this character and quit the game? (Confirm with "yes".)

#### ###########
..... #..........
......#4.........
#..W@......#
#..#5......# ....
#...##..# ∆ ..##
##..# .# .
##..##..#
#...†...#
#...##### #...#
∆#...#


You could see a hellwing, p0werm0de's ghost and a friendly white imp.

Vanquished Creatures
  An adder (D:4)
  A leopard gecko (D:1)
  2 orcs (D:5)
  A giant cockroach (D:2)
  3 goblins
  A frilled lizard (D:3)
  2 kobolds
  2 rats
13 creatures vanquished.

Vanquished Creatures (collateral kills)
  The ghost of 1player the Charlatan, an amateur HuAr of Makhleb (D:3)
  A crimson imp (D:4)
  A worker ant (D:5)
  An adder (D:2)
  A worm (D:3)
  An orc (D:5)
  2 goblins (D:1)
  2 hobgoblins
  4 jackals (D:1)
  A kobold (D:1)
  2 bats
  A frilled lizard (D:2)
  2 rats
20 creatures vanquished.

Grand Total: 33 creatures vanquished

Notes
Turn   | Place    | Note
-------+----------+-------------------------------------------
     0 | D:1      | tidbits the Gnoll Summoner began the quest for the Orb.
     0 | D:1      | Reached XP level 1. HP: 13/13 MP: 6/6
    80 | D:1      | Reached XP level 2. HP: 4/19 MP: 2/7
   184 | D:2      | Found a bloodstained altar of Trog.
   184 | D:2      | Found an opulent altar of Gozag.
   189 | D:2      | Found a white marble altar of Elyvilon.
   191 | D:2      | Found a glowing golden altar of the Shining One.
   192 | D:2      | Found a faded altar of an unknown god.
   205 | D:2      | Learned a level 2 spell: Call Imp
   389 | D:3      | Reached XP level 3. HP: 18/25 MP: 6/9
   399 | D:3      | Learned a level 3 spell: Call Canine Familiar
   472 | D:3      | Noticed 1player's ghost (amateur HuAr)
   494 | D:3      | Killed 1player's ghost
   494 | D:3      | Reached skill level 1 in Fighting
   494 | D:3      | Reached skill level 1 in Short Blades
   494 | D:3      | Reached skill level 1 in Long Blades
   494 | D:3      | Reached skill level 1 in Axes
   494 | D:3      | Reached skill level 1 in Maces & Flails
   494 | D:3      | Reached skill level 1 in Polearms
   494 | D:3      | Reached skill level 1 in Staves
   494 | D:3      | Reached skill level 1 in Slings
   494 | D:3      | Reached skill level 1 in Bows
   494 | D:3      | Reached skill level 1 in Crossbows
   494 | D:3      | Reached skill level 1 in Throwing
   494 | D:3      | Reached skill level 1 in Armour
   494 | D:3      | Reached skill level 1 in Shields
   494 | D:3      | Reached skill level 1 in Unarmed Combat
   494 | D:3      | Reached skill level 5 in Spellcasting
   494 | D:3      | Reached skill level 1 in Conjurations
   494 | D:3      | Reached skill level 1 in Hexes
   494 | D:3      | Reached skill level 1 in Charms
   494 | D:3      | Reached skill level 1 in Necromancy
   494 | D:3      | Reached skill level 1 in Translocations
   494 | D:3      | Reached skill level 1 in Transmutations
   494 | D:3      | Reached skill level 1 in Fire Magic
   494 | D:3      | Reached skill level 1 in Ice Magic
   494 | D:3      | Reached skill level 1 in Air Magic
   494 | D:3      | Reached skill level 1 in Earth Magic
   494 | D:3      | Reached skill level 1 in Poison Magic
   494 | D:3      | Reached skill level 1 in Invocations
   494 | D:3      | Reached skill level 1 in Evocations
   494 | D:3      | Reached XP level 4. HP: 30/32 MP: 2/11
   515 | D:4      | Reached XP level 5. HP: 37/37 MP: 4/12
   520 | D:4      | Found Gywkuc's Magic Scroll Emporium.
   528 | D:4      | Bought a scroll of identify for 22 gold pieces
   528 | D:4      | Bought a scroll of magic mapping for 38 gold pieces
   528 | D:4      | Bought a scroll of noise for 11 gold pieces
   563 | D:5      | Entered Level 5 of the Dungeon
   584 | D:5      | Learned a level 4 spell: Summon Lightning Spire
   634 | D:5      | Noticed p0werm0de's ghost (novice TeNe)
   635 | D:5      | Noticed a hellwing
   636 | D:5      | Quit the game

Skill      XL: |  1  2  3 |
---------------+----------+-----
Fighting       | 1 |  1.4
Short Blades   | 1 |  1.4
Long Blades    | 1 |  1.4
Axes           | 1 |  1.4
Maces & Flails | 1 |  1.4
Polearms       | 1 |  1.4
Staves         | 1 |  1.4
Slings         | 1 |  1.4
Bows           | 1 |  1.4
Crossbows      | 1 |  1.4
Throwing       | 1 |  1.4
Armour         | 1 |  1.4
Shields        | 1 |  1.4
Unarmed Combat | 1 |  1.4
Spellcasting   | 5 |  5.2
Conjurations   | 1 |  1.1
Hexes          | 1 |  1.1
Charms         | 1 |  1.1
Necromancy     | 1 |  1.1
Translocations | 1 |  1.1
Transmutations | 1 |  1.1
Fire Magic     | 1 |  1.1
Ice Magic      | 1 |  1.1
Air Magic      | 1 |  1.1
Earth Magic    | 1 |  1.1
Poison Magic   | 1 |  1.1
Invocations    | 1 |  1.6
Evocations     | 1 |  1.4
Dodging        | |  4.7
Stealth        | |  4.4
Summonings     | |  7.2

Action                   |  1- 3 |  4- 6 || total
-------------------------+-------+-------++-------
Melee: Unarmed           |     5 |       ||     5
       Broad axe         |    30 |       ||    30
       Bite              |     3 |       ||     3
       Dagger            |       |    14 ||    14
 Cast: Summon Small Mamm |    19 |       ||    19
       Call Imp          |     6 |     3 ||     9
       Call Canine Famil |     1 |       ||     1
  Use: Scroll            |       |     4 ||     4
 Stab: Sleeping          |       |     2 ||     2
Armor: Robe              |     9 |       ||     9
       Ring mail         |       |     3 ||     3
Dodge: Dodged            |    27 |     6 ||    33

Table legend:
 A = Turns spent in this place as a percentage of turns spent in the entire game.
 B = Non-inter-level travel turns spent in this place as a percentage of non-inter-level travel turns spent in the entire game.
 C = Inter-level travel turns spent in this place as a percentage of turns spent in this place.
 D = Turns resting spent in this place as a percentage of non-inter-level travel turns spent in this place.
 E = Turns spent auto-exploring this place as a percentage of non-inter-level travel turns spent in this place.
 F = Non-inter-level travel turns spent in this place divided by the number of levels of this place that you've seen.
                   A       B       C       D       E      F
               +-------+-------+-------+-------+-------+----------------------
         Total | 100.0 | 100.0 |   1.9 |   0.0 |   0.0 | 124.8
       Dungeon | 100.0 | 100.0 |   1.9 |   0.0 |   0.0 | 124.8
               +-------+-------+-------+-------+-------+----------------------

Table legend:
 A = Kills in this place as a percentage of kills in entire the game.
 B = Kills by you in this place as a percentage of kills by you in the entire game.
 C = Kills by friends in this place as a percentage of kills by friends in the entire game.
 D = Other kills in this place as a percentage of other kills in the entire game.
 E = Experience gained in this place as a percentage of experience gained in the entire game.
 F = Experience gained in this place divided by the number of levels of this place that you have seen.
                   A       B       C       D       E      F
               +-------+-------+-------+-------+-------+----------------------
         Total | 100.0 | 100.0 | 100.0 |   N/A | 100.0 |  45.2
       Dungeon | 100.0 | 100.0 | 100.0 |   N/A | 100.0 |  45.2
               +-------+-------+-------+-------+-------+----------------------

Vault maps used:
D:1:      lightli_arrival_statue_moat, minmay_misc_feat_five
D:2:      marbit_many_paths, chequers_temple_overflow_minitemple,
          corner_web_ring, minmay_split_cup_large, uniq_jessica
D:3:      overflow_temple_1_default
D:4:      serial_shops, nicolae_shop_temple_entry_statues_fountains,
          first_ration, minmay_misc_feat_nine_boxes
D:5:      kennysheep_mini, minmay_temple_entry_grid
